Map: 2000 Atmospheres LE

Players

Cyan

  • Race: Protoss Protoss

Clem - Winner!

  • Race: Terran Terran

Event: DreamHack SC2 Masters 2021 Winter

VOD

Have the link to the VOD?

Description

Time

  • Played on: Nov. 10, 2021, 8:24 a.m.
  • Length: 19:51

All games in this series

Show
View Real Time Build Order
Export as new Build Order

Cyan Protoss 

Build Orders: 1 Gate Expand, Blink Stalkers, Zealot Archon 

Get SALT Encoding   

  12  0:00  Probe  
  13  0:12  Probe  
  14  0:17  Pylon  
  14  0:24  Probe (Chrono Boost)  
  15  0:36  Probe (Chrono Boost)  
  15  0:38  Gateway  
  16  0:44  Probe (Chrono Boost)  
  16  0:47  Assimilator  
  17  0:51  Probe  
  18  1:03  Probe  
  19  1:15  Probe  
  20  1:25  Cybernetics Core  
  20  1:32  Nexus  
  20  1:38  Pylon  
  20  1:41  Probe  
  20  1:45  Assimilator  
  21  1:53  Probe  
  22  1:59  Adept (Chrono Boost)  
  22  2:02  Warp Gate  
  22  2:05  Probe (Chrono Boost)  
  26  2:16  Probe (Chrono Boost)  
  26  2:21  Probe (Chrono Boost)  
  27  2:23  Twilight Council  
  27  2:27  Stalker  
  29  2:33  Probe  
  29  2:43  Gateway  
  29  2:45  Probe x2  
  31  2:53  Blink (Chrono Boost)  
  31  2:57  Probe x2  
  33  3:08  Stalker  
  33  3:09  Probe  
  33  3:11  Probe  
  37  3:16  Shield Battery  
  37  3:21  Probe  
  37  3:24  Probe  
  39  3:28  Robotics Facility  
  39  3:33  Probe  
  40  3:37  Probe  
  41  3:45  Probe  
  40  3:49  Probe  
  40  3:51  Stalker x2  
  41  3:58  Probe  
  41  4:01  Probe  
  42  4:06  Pylon  
  42  4:10  Probe  
  42  4:13  Probe  
  42  4:14  Stalker  
  46  4:23  Nexus  
  46  4:24  Observer  
  46  4:25  Pylon  
  46  4:27  Probe  
  46  4:28  Probe  
  49  4:32  Stalker  
  51  4:38  Pylon  
  51  4:39  Probe  
  51  4:42  Stalker  
  51  4:43  Probe  
  55  4:47  Assimilator  
  55  4:48  Observer  
  55  4:50  Assimilator  
  55  4:51  Probe  
  57  4:55  Probe  
  57  4:58  Pylon  
  58  5:03  Probe  
  59  5:07  Gateway, Probe  
  60  5:15  Probe  
  60  5:18  Charge  
  60  5:19  Probe  
  60  5:20  Templar Archives  
  62  5:22  Gateway  
  62  5:27  Probe  
  63  5:30  Gateway  
  63  5:31  Probe  
  64  5:39  Gateway, Probe  
  64  5:40  Psionic Storm  
  64  5:41  Probe  
  65  5:43  Probe  
  65  5:46  Gateway  
  65  5:48  Gateway  
  66  5:51  Probe  
  66  5:56  Shield Battery  
  66  5:57  Gateway  
  68  5:59  Probe  
  68  6:03  Pylon  
  68  6:06  High Templar  
  68  6:08  Probe x2  
  72  6:13  Probe  
  72  6:15  High Templar  
  75  6:20  Probe, Shield Battery  
  75  6:22  Shield Battery  
  75  6:24  Probe, Pylon  
  77  6:28  Pylon, High Templar  
  77  6:29  Probe  
  80  6:36  Zealot x2  
  80  6:37  Zealot  
  80  6:38  Probe x2  
  88  6:40  Pylon  
  88  6:42  Observer  
  87  6:47  Zealot x2, High Templar  
  87  6:48  Zealot  
  87  6:51  Zealot  
  87  6:53  Probe  
  98  6:55  Probe  
  98  7:00  Zealot x3  
  105  7:08  High Templar  
  103  7:13  Archon  
  103  7:16  Zealot x2  
  103  7:17  Zealot x2  
  111  7:25  Zealot  
  111  7:29  Zealot x2  
  115  7:30  Zealot  
  116  7:42  Probe  
  111  7:46  Zealot  
  105  7:57  High Templar x2  
  103  7:59  Probe  
  103  8:00  Warp Prism (Chrono Boost), Assimilator  
  103  8:01  Assimilator  
  103  8:03  Forge  
  103  8:05  Zealot x4, Forge  
  111  8:06  Probe x2  
  111  8:07  Pylon  
  111  8:11  Probe  
  115  8:14  Shield Battery  
  115  8:16  Nexus  
  115  8:18  Probe, Pylon  
  112  8:24  Observer  
  112  8:28  Probe  
  111  8:37  High Templar x2  
  111  8:40  Probe  
  116  8:42  High Templar x2  
  120  8:50  Photon Cannon, Protoss Ground Armor Level 1 (Chrono Boost), Probe, Protoss Ground Weapons Level 1 (Chrono Boost)  
  120  8:51  Shield Battery  
  120  8:53  Pylon  
  120  8:55  Immortal (Chrono Boost)  
  121  9:00  Probe  
  121  9:02  Observer  
  126  9:10  Zealot x2  
  126  9:11  Zealot x5, Gateway  
  126  9:13  Gateway  
  126  9:15  Pylon  
  135  9:33  Robotics Facility  
  135  9:34  Immortal  
  135  9:35  Zealot x3, Robotics Bay  
  145  9:38  Robotics Facility  
  145  9:42  Zealot x3  
  141  9:47  Stalker x2  
  137  9:55  Stalker x3  
  137  9:59  Probe x4  
  147  10:03  Zealot  
  147  10:04  Zealot  
  145  10:10  Zealot x2  
  145  10:11  Zealot  
  149  10:21  Zealot  
  149  10:23  Probe  
  149  10:26  Colossus (Chrono Boost)  
  154  10:28  Colossus (Chrono Boost)  
  154  10:32  Archon  
  154  10:35  Zealot x3  
  154  10:36  Zealot  
  154  10:38  Extended Thermal Lance (Chrono Boost)  
  154  10:40  High Templar  
  164  10:43  Zealot x3  
  164  10:46  Archon  
  168  11:00  Zealot x3  
  164  11:04  Observer  
  164  11:05  Stalker x3, Colossus (Chrono Boost)  
  164  11:07  Protoss Ground Weapons Level 2 (Chrono Boost)  
  164  11:08  Probe  
  169  11:13  Assimilator  
  169  11:16  Assimilator  
  169  11:17  High Templar  
  169  11:29  Protoss Ground Armor Level 2 (Chrono Boost)  
  169  11:34  High Templar  
  169  11:37  Nexus  
  169  11:39  Observer, Pylon  
  169  11:40  Pylon  
  169  11:43  Archon  
  169  11:45  Zealot x2  
  171  11:52  Colossus  
  172  11:57  Pylon  
  172  11:58  Pylon  
  170  12:13  Dark Shrine, Gravitic Drive (Chrono Boost)  
  170  12:14  Stalker, Colossus  
  178  12:16  Colossus  
  184  12:27  Nexus  
  184  12:28  Zealot, Pylon  
  184  12:30  Pylon  
  184  12:31  Zealot x2  
  187  12:55  Pylon  
  187  12:56  Nexus, Pylon  
  187  12:57  Pylon  
  187  12:58  Pylon  
  187  13:03  Gravitic Boosters  
  185  13:13  Colossus  
  185  13:14  Colossus  
  185  13:18  Nexus  
  191  13:20  Pylon  
  177  13:27  Zealot x2  
  177  13:32  Observer  
  177  13:33  Zealot x2, Archon  
  178  13:34  Probe x2  
  178  13:35  Probe  
  178  13:37  Probe  
  178  13:38  Shield Battery  
  178  13:40  Shield Battery  
  180  13:41  Shield Battery  
  180  13:42  Pylon  
  180  13:43  Protoss Ground Weapons Level 3 (Chrono Boost)  
  180  13:45  Stalker  
  180  13:46  Stalker x2  
  184  13:48  Photon Cannon  
  184  13:54  Probe  
  185  13:56  Shield Battery  
  185  13:58  Shield Battery  
  185  14:00  Zealot  
  185  14:07  Colossus  
  191  14:17  Dark Templar  
  191  14:18  Dark Templar x2  
  197  14:28  Protoss Ground Armor Level 3 (Chrono Boost)  
  180  14:32  Shadow Stride (Chrono Boost)  
  179  14:38  Zealot  
  167  15:10  Warp Prism (Chrono Boost)  
  167  15:12  Observer  
  154  15:19  Zealot x10  
  164  15:23  Probe x3  
  164  15:26  Probe x2  
  169  15:29  Disruptor (Chrono Boost)  
  169  15:35  Probe x2  
  174  15:37  Disruptor (Chrono Boost)  
  171  15:47  High Templar x2  
  171  15:49  High Templar x2  
  163  15:59  Stalker x4  
  171  16:04  Zealot  
  171  16:10  Zealot  
  167  16:21  Probe  
  167  16:22  Dark Templar  
  170  16:36  Dark Templar  
  170  16:39  Dark Templar x8  
  184  16:48  Archon, Disruptor x2 (Chrono Boost)  
  184  16:50  Disruptor (Chrono Boost)  
  193  16:55  Shield Battery  
  191  17:08  Stalker  
  191  17:09  Stalker  
  194  17:19  Zealot x2  
  194  17:22  Protoss Shields Level 1 (Chrono Boost), Observer x2  
  200  17:28  Assimilator  
  200  17:33  Assimilator  
  200  17:53  Nexus  
  200  17:55  Pylon  
  200  17:57  High Templar, Shield Battery  
  199  18:02  Pylon  
  182  18:27  Archon  
  178  18:35  Stalker  
  178  18:36  Stalker x7  
  143  18:48  Stalker x2  
  143  18:55  Immortal x3 (Chrono Boost)  
  108  19:02  Stalker x3  
  82  19:03  Stalker x5  
  88  19:13  Dark Templar  
  88  19:14  Dark Templar  
  72  19:26  Stalker  
  72  19:27  Stalker  
  77  19:33  Dark Templar  
  77  19:39  Stalker x2  
  77  19:44  Dark Templar  
Show
View Real Time Build Order
Export as new Build Order

Clem Terran - Winner!

Build Orders:  

Get SALT Encoding   

  12  0:00  SCV  
  13  0:12  SCV  
  14  0:16  Supply Depot  
  14  0:25  SCV  
  15  0:38  SCV, Barracks  
  16  0:45  Refinery  
  16  0:50  SCV  
  17  1:02  SCV  
  18  1:14  SCV  
  19  1:27  Barracks Reactor, Orbital Command  
  19  1:42  Command Center  
  19  1:49  Supply Depot  
  19  1:53  SCV  
  20  2:04  Marine x2  
  20  2:05  SCV  
  23  2:17  SCV  
  23  2:22  Marine x2  
  26  2:29  SCV  
  27  2:33  Factory  
  27  2:40  Marine x2  
  27  2:42  SCV, Refinery, Bunker  
  30  2:54  Orbital Command  
  30  2:55  SCV  
  30  2:57  Marine  
  30  2:58  Marine  
  33  3:07  SCV  
  34  3:17  Starport  
  34  3:18  Hellion  
  34  3:19  Marine x2  
  38  3:20  SCV  
  38  3:21  SCV  
  38  3:24  Supply Depot  
  40  3:32  SCV  
  40  3:33  SCV  
  42  3:40  Marine  
  41  3:44  SCV  
  41  3:45  SCV, Factory Tech Lab  
  40  3:56  SCV  
  40  3:58  SCV  
  40  4:00  Barracks  
  39  4:04  Marine x2  
  39  4:06  Raven  
  39  4:08  SCV  
  44  4:10  SCV, Factory Tech Lab  
  44  4:12  Barracks  
  45  4:20  SCV  
  45  4:21  Supply Depot  
  45  4:22  Marine x2  
  45  4:23  SCV  
  49  4:30  Siege Tank  
  52  4:32  SCV  
  52  4:38  SCV  
  54  4:41  Engineering Bay  
  54  4:43  Marine x2  
  54  4:44  SCV, Refinery  
  57  4:53  Bunker  
  57  4:54  Supply Depot  
  57  4:56  Marauder  
  57  4:57  Stimpack, SCV  
  57  4:59  SCV  
  61  5:04  Marine  
  62  5:08  Supply Depot  
  62  5:10  Terran Infantry Weapons Level 1  
  62  5:14  Refinery  
  62  5:16  Supply Depot, SCV, Marine  
  62  5:19  Marauder  
  62  5:20  Marauder  
  68  5:22  SCV, Marine  
  68  5:25  Starport Reactor  
  70  5:30  Supply Depot, Factory Reactor  
  70  5:32  SCV  
  70  5:33  Marine  
  72  5:40  Marine x2  
  72  5:42  Marauder, Supply Depot  
  76  5:48  Supply Depot  
  76  5:49  Combat Shield  
  75  5:51  Marine  
  76  5:58  Marine  
  76  6:02  Marauder, Medivac  
  80  6:05  Command Center  
  80  6:10  Marine x2  
  81  6:12  Medivac  
  81  6:16  Widow Mine, Marine, Supply Depot  
  88  6:18  Widow Mine  
  88  6:22  SCV x2  
  90  6:28  Marine  
  90  6:33  Marine  
  90  6:36  Supply Depot  
  90  6:37  Marauder x2  
  90  6:39  Widow Mine  
  97  6:40  Concussive Shells  
  97  6:43  Medivac  
  99  6:49  Widow Mine  
  99  6:52  Supply Depot  
  101  6:54  Barracks x2  
  101  6:55  Marine x2  
  101  6:58  SCV x2  
  101  7:00  Supply Depot  
  105  7:07  Widow Mine  
  105  7:08  Marauder x2  
  107  7:11  Terran Infantry Armor Level 1  
  107  7:12  SCV  
  107  7:14  SCV  
  109  7:18  Marine x2  
  109  7:21  Widow Mine  
  112  7:23  Medivac  
  112  7:24  SCV  
  112  7:26  SCV  
  112  7:32  Marauder  
  110  7:39  Widow Mine, Marine x2  
  110  7:40  SCV  
  110  7:41  Marauder  
  110  7:43  Barracks Tech Lab, Barracks Reactor  
  103  7:45  SCV  
  103  7:54  Marauder  
  103  7:55  Widow Mine  
  103  7:56  Orbital Command  
  103  7:58  Marine x2  
  103  8:01  Medivac x2  
  103  8:05  Marauder, SCV  
  110  8:06  SCV  
  110  8:09  Widow Mine  
  110  8:10  Marauder  
  115  8:17  Ghost Academy, Marine  
  114  8:21  Widow Mine, SCV  
  114  8:23  SCV x2  
  114  8:25  Marine x2  
  114  8:26  Marine x2  
  114  8:27  Marine  
  123  8:32  Widow Mine  
  123  8:33  SCV  
  126  8:35  Marauder  
  126  8:39  SCV  
  128  8:42  Supply Depot  
  128  8:44  Marauder  
  128  8:45  Marauder, Marine x4  
  128  8:46  SCV  
  128  8:47  SCV  
  138  8:52  Widow Mine  
  140  8:56  Ghost  
  140  8:57  Refinery  
  140  8:59  Widow Mine  
  144  9:05  Ghost  
  144  9:06  Supply Depot  
  144  9:08  Medivac x2  
  150  9:13  Command Center  
  150  9:19  Refinery  
  150  9:20  Marine x2  
  150  9:21  Marine x2  
  154  9:26  Marauder  
  154  9:28  Widow Mine  
  154  9:29  Widow Mine  
  159  9:34  Supply Depot  
  159  9:35  Marine  
  160  9:39  Marauder, SCV x2  
  160  9:41  Marine x2  
  164  9:45  Marine  
  164  9:49  Supply Depot x2  
  164  9:50  Widow Mine  
  164  9:51  Ghost  
  164  9:52  Engineering Bay, Armory  
  165  9:57  Medivac  
  165  9:58  Widow Mine  
  165  10:00  Ghost  
  165  10:06  Marine  
  165  10:07  Supply Depot, Marine  
  168  10:10  Ghost  
  168  10:12  Marine  
  168  10:17  Widow Mine  
  168  10:20  Marauder  
  168  10:21  Widow Mine  
  172  10:22  Marine  
  171  10:28  Ghost  
  168  10:36  Marine  
  168  10:37  Marine  
  168  10:38  Ghost  
  168  10:39  Widow Mine  
  168  10:40  SCV x2  
  168  10:41  SCV  
  172  10:44  Marine  
  172  10:45  Marine  
  172  10:46  Widow Mine  
  172  10:48  Medivac  
  167  10:57  Marine  
  167  10:58  Marauder, Refinery  
  167  11:00  Marauder  
  167  11:01  Refinery  
  167  11:02  SCV  
  164  11:04  Marine x2  
  164  11:05  SCV  
  164  11:07  Planetary Fortress  
  165  11:11  Barracks  
  165  11:12  Terran Infantry Weapons Level 2, Barracks  
  165  11:13  Barracks  
  165  11:16  SCV  
  166  11:19  Ghost  
  166  11:21  SCV x2  
  166  11:24  Marine  
  166  11:25  Marine x3  
  174  11:27  Terran Infantry Armor Level 2  
  172  11:34  Missile Turret  
  172  11:36  Marauder x2  
  172  11:37  SCV x2  
  178  11:44  Viking  
  180  11:48  Ghost  
  180  11:49  Starport  
  182  11:54  Marine x4  
  182  11:56  SCV x2  
  188  12:01  Enhanced Shockwaves  
  188  12:04  Terran Ship Weapons Level 1  
  188  12:08  Command Center  
  188  12:10  Missile Turret  
  188  12:14  Marine  
  188  12:15  Marauder  
  191  12:20  Viking x2  
  191  12:22  Fusion Core  
  193  12:25  Viking  
  193  12:29  Barracks Tech Lab x2  
  191  12:30  Barracks Reactor  
  191  12:31  Marauder  
  191  12:36  Marine  
  198  12:39  Viking  
  198  12:43  Ghost  
  193  12:47  Command Center  
  193  12:51  Viking x2, Ghost  
  198  13:06  Command Center  
  198  13:08  Sensor Tower  
  198  13:12  Viking  
  200  13:25  Marine x2, Ghost  
  176  13:27  Viking, Ghost x3  
  176  13:28  Marine x4  
  176  13:30  Medivac  
  176  13:31  Viking  
  189  13:43  Orbital Command  
  189  13:45  Ghost  
  190  13:53  Ghost  
  190  13:54  Marine x3  
  195  13:58  Terran Infantry Weapons Level 3  
  195  13:59  Marine x2  
  195  14:01  Missile Turret  
  197  14:03  Marauder, Missile Turret  
  199  14:12  Marine  
  199  14:16  Terran Infantry Armor Level 3  
  200  14:21  Refinery  
  199  14:27  Terran Ship Weapons Level 2  
  199  14:28  Personal Cloaking  
  199  14:33  Missile Turret  
  199  14:34  Planetary Fortress, Sensor Tower  
  199  14:45  Liberator  
  197  14:46  Marauder  
  199  14:54  SCV  
  199  14:58  Viking  
  199  15:04  Marauder  
  193  15:15  Viking  
  193  15:16  Viking  
  195  15:21  Starport  
  195  15:23  Marine  
  195  15:24  Marauder x2  
  200  15:28  Refinery  
  200  15:29  Command Center  
  200  15:42  Liberator, Sensor Tower  
  200  15:43  Missile Turret  
  200  15:46  Liberator  
  200  15:49  Missile Turret  
  196  15:50  Marauder, Marine  
  190  15:58  Ghost x2  
  190  16:02  Marine x2  
  190  16:03  SCV x3  
  197  16:04  Planetary Fortress  
  197  16:07  Liberator, Starport Reactor  
  197  16:08  SCV  
  199  16:16  Missile Turret  
  199  16:26  SCV  
  197  16:38  Missile Turret  
  197  16:45  Viking  
  199  16:51  Orbital Command  
  198  16:57  Missile Turret  
  198  17:02  Terran Ship Weapons Level 3  
  198  17:05  Ghost  
  195  17:09  Command Center  
  195  17:12  Liberator  
  198  17:22  Missile Turret  
  198  17:23  Sensor Tower  
  198  17:29  Missile Turret  
  197  17:46  Command Center  
  197  17:49  Command Center  
  195  18:04  Liberator  
  196  18:20  Liberator  
  194  18:28  Liberator x2  
  194  18:30  Marauder  
  194  18:33  Marauder  
  194  18:34  Ghost x2  
  194  18:36  Marine x2  
  194  18:38  Marine  
  199  18:44  Marauder  
  180  18:50  Liberator  
  180  18:51  Liberator x2, Marauder, Marine x2  
  180  18:54  Marauder  
  180  18:57  Marine  
  180  18:59  Marine  
  180  19:02  Liberator  
  180  19:03  Marauder x2  
  180  19:06  Marauder  
  185  19:12  Marine x2  
  185  19:13  Marauder  
  185  19:16  Marauder  
  193  19:21  Marine x2  
  191  19:24  Marauder  
  191  19:25  Marauder  
  195  19:33  Missile Turret  

Tags
 
Add a new tag
Caveats
  • Supply blocks, unpowered buildings, or Contaminate may cause inaccurate times.
  • Supply counts are checked every 10 seconds.